 Dungeon Crawl Stone Soup version 0.32-a0-876-gcfddb08e57 (webtiles) character file.

Game seed: 3051678884004712122

39 pokedragonboy the Charlatan (level 3, -2/27 HPs)
             Began as a Coglin Artificer on Apr 2, 2024.
             Slain by a gnoll
             ... wielding a +0 flail
              (8 damage)
             ... on level 2 of the Dungeon.
             The game lasted 00:01:51 (1024 turns).

pokedragonboy the Charlatan (Coglin Artificer)      Turns: 1024, Time: 00:01:52

Health: -2/27      AC:  6    Str: 14    XL:     3   Next: 45%
Magic:  3/3        EV:  8    Int: 10    God:
Gold:   45         SH:  0    Dex: 14    Spells: 2/2 levels left

rFire   . . .        a - +0 club {Chun}
rCold   . . .        f - +0 dagger {Yolanda}
rNeg    . . .        j - +0 scale mail
rPois   .            (no helmet)
rElec   .            (no cloak)
rCorr   .            (no gloves)
SInv    .            (no boots)
Will    .....        (amulet unavailable) Stlth
                     (ring unavailable)
HPRegen 0.24/turn    (ring unavailable)
MPRegen 0.08/turn    (no gizmo)

%: no passive effects
@: revved
A: off-hand wielding, slow wielding, warmup strikes, no jewellery
a: Invent Gizmo


You were on level 2 of the Dungeon.
You visited 1 branch of the dungeon, and saw 2 of its levels.

You collected 45 gold pieces.

Inventory:

Hand Weapons
 a - a +0 club (weapon) {Chun}
 f - a +0 dagger (offhand) {Yolanda}
Armour
 j - a +0 scale mail (worn)
Talismans
 b - a blade talisman
 m - a serpent talisman
Wands
 c - a wand of flame (15) (quivered)
 d - a wand of charming (15)
 e - a wand of iceblast (5)
Scrolls
 g - a scroll of identify {unknown}
 h - a scroll of fear {unknown}
 i - a scroll of enchant armour
 k - a scroll of noise {unknown}
 n - 3 scrolls of fog {unknown}
Potions
 l - a potion of brilliance {unknown}
 o - a potion of cancellation {unknown}


   Skills:
 * Level 2.0 Fighting
 * Level 1.5 Axes
 + Level 2.1 Armour
 - Level 0.8 Dodging
 - Level 0.7 Stealth
 + Level 4.3 Evocations


You had 2 spell levels left.
You didn't know any spells.
Your spell library was empty.

Dungeon Overview and Level Annotations

Branches:
Dungeon (2/15)

Altars:


Innate Abilities, Weirdness & Mutations

You can wield a second weapon in your off-hand.
It takes a long time for you to wield or remove held weapons.
Your first few attacks do less damage.
You cannot equip rings or amulets.


Message History

The quokka completely misses you.
You barely miss the quokka with your +0 club.
The quokka is almost dead.
You barely miss the quokka with your +0 dagger.
The quokka barely misses you.
You hit the quokka with your +0 dagger.
You kill the quokka!
No target in view!
No target in view!
A gnoll comes into view. It is wielding a +0 flail.
The gnoll shouts!
You hear a shout!
A gnoll comes into view. It is wielding a +0 spear.
The gnoll hits you but does no damage.
You hit the gnoll but do no damage. x2
The gnoll hits you from afar with a +0 spear.
The gnoll hits you with a +0 flail!
Unknown command.
You hit the gnoll with your +0 dagger.
The gnoll is lightly wounded.
You hit the gnoll but do no damage. The gnoll hits you but does no damage.
The gnoll hits you with a +0 flail.
Unknown command.
The gnoll attacks as it pursues you! The gnoll hits you with a +0 flail.
Hit: a) +0 club {Chun}
Press: ? - help, Dir - move target, f - gnoll
Aim: a gnoll, wielding a +0 flail (lightly wounded, about 36% to evade your +0 club)
You hit the gnoll with your +0 club.
The gnoll is heavily wounded.
You hit the gnoll with your +0 dagger. The gnoll hits you with a +0 flail.
* * * LOW HITPOINT WARNING * * *
Hit: a) +0 club {Chun}
Press: ? - help, Dir - move target, f/p - gnoll
Aim: a gnoll, wielding a +0 flail (severely wounded, about 36% to evade your +0 club)
You hit the gnoll but do no damage.
The gnoll is severely wounded.
You hit the gnoll with your +0 club.
The gnoll hits you from afar with a +0 spear.
* * * LOW HITPOINT WARNING * * *
The gnoll hits you with a +0 flail!
You die...

#..†.....####.# #..#
#.#.#..###..... ###..#
#.#.#..# #.##.# ....#
#.#.#..# #.##.# #...#
#†#.#..# #.##.# #...#
#.#.#..# #.##.# #...#
#.#.#..###.##.##
#...###.#.#...........
#...g@..# #.####†##†##
#.#g##### #......##.#
# #...g.# #########.##
#####.# #.......
#.###.## #.# ###.##
#..... #.#.#.##


You could see 2 gnolls.

Vanquished Creatures
  2 adders (D:2)
  A dart slug (D:1)
  A ball python (D:1)
  A bat (D:1)
  An endoplasm (D:1)
  A giant cockroach (D:1)
  3 hobgoblins
  2 kobolds (D:1)
  2 quokkas
  2 goblins (D:1)
  2 rats
18 creatures vanquished.

Notes
Turn   | Place    | Note
-------+----------+-------------------------------------------
     0 | D:1      | pokedragonboy the Coglin Artificer began the quest for the
                  | Orb.
     0 | D:1      | Reached XP level 1. HP: 15/15 MP: 1/1
    43 | D:1      | Found a faded altar of an unknown god.
   316 | D:1      | Reached XP level 2. HP: 21/21 MP: 2/2
   557 | D:1      | Reached skill level 1 in Axes
   960 | D:2      | Reached XP level 3. HP: 24/27 MP: 3/3
  1024 | D:2      | Slain by a gnoll

Illustrated notes

Levels and vault maps discovered:
D:1:      mushboom_english_gardens, layout_basic,
          shapermc_ecumenical_altar_ellora
D:2:      layout_basic

Skill      XL: |  1  2  3 |
---------------+----------+-----
Axes           | 1 |  1.5
Armour         | 2 |  2.1
Fighting       | 2 |  2.0
Dodging        | |  0.8
Stealth        | |  0.7
Evocations     | |  4.3

Action                     || total
---------------------------++-------
  Melee: Club              ||    62
         Dagger            ||    61
    Use: Scroll            ||     1
 Armour: Leather armour    ||     6
         Scale mail        ||    50
  Dodge: Dodged            ||    30

Table legend: (Time is in decaauts)
 A = Elapsed time spent in this place.
 B = Non-inter-level travel time spent in this place.
 C = Inter-level travel time spent in this place.
 D = Time resting spent in this place.
 E = Time spent auto-exploring this place.
 F = Levels seen in this place.
 G = Mean time per level.
                   A        B        C        D        E       F      G
               +--------+--------+--------+--------+--------+-----+--------+
         Total |   1033 |   1026 |      7 |      0 |    837 |   2 |  516.5 |
       Dungeon |   1033 |   1026 |      7 |      0 |    837 |   2 |  516.5 |
               +--------+--------+--------+--------+--------+-----+--------+

Top non-repeatable levels by time:
     D:1: 935 daAuts
     D:2: 97 daAuts
